 Dungeon Crawl Stone Soup version 0.18.1-5-g4a78601 (webtiles) character file.

5095 Jojapa the Destroyer (level 10, -4/50 HPs)
             Began as a Deep Elf Wizard on May 12, 2016.
             Was a Believer of Vehumet.
             Slain by a cyan ugly thing (7 damage)
             ... on level 9 of the Dungeon.
             The game lasted 00:56:45 (16234 turns).

Jojapa the Destroyer (Deep Elf Wizard)             Turns: 16234, Time: 00:56:46

Health: -4/50      AC:  8    Str:  3    XL:     10   Next: 32%
Magic:  8/25       EV: 16    Int: 28    God:    Vehumet [**....]
Gold:   577        SH:  0    Dex: 16    Spells: 7 memorised, 14 levels left

rFire  + . .     SeeInvis .     t - +2 dagger (elec)
rCold  . . .     Gourm    .     m - +2 robe {MR+}
rNeg   + . .     Faith    .     (no shield)
rPois  .         Spirit   .     C - +0 helmet
rElec  .         Dismiss  .     e - +0 cloak
rCorr  .         Reflect  .     J - +1 pair of gloves {Dex+3}
SustAt .         Harm     +     (no boots)
MR     ++...                    j - amulet of harm
Stlth  ++........               B - ring of protection from fire
                                p - ring of positive energy

@: very resistant to hostile enchantments, unstealthy
A: no striking features
a: Renounce Religion


You were on level 9 of the Dungeon.
You worshipped Vehumet.
Vehumet was pleased with you.
You were not hungry.

You visited 2 branches of the dungeon, and saw 11 of its levels.

You collected 703 gold pieces.
You spent 126 gold pieces at shops.

Inventory:

Hand Weapons
 t - a +2 dagger of electrocution (weapon)
Armour
 e - a +0 cloak (worn)
 m - a +2 robe of magic resistance (worn)
 C - a +0 helmet (worn)
 G - a +1 leather armour
 J - a +1 pair of gloves of dexterity (worn)
Jewellery
 j - an amulet of harm (around neck)
 p - a ring of positive energy (left hand)
 B - a ring of protection from fire (right hand)
Wands
 a - a wand of polymorph (7/24)
 r - a wand of digging (6/24)
 D - a wand of paralysis (24/24)
 F - a wand of polymorph (8/24)
 I - a wand of disintegration (7/24)
 K - a wand of slowing (16/48)
Scrolls
 f - 3 scrolls of noise
 g - 4 scrolls of teleportation
 k - 2 scrolls of remove curse
 n - a scroll of fog
 w - 2 scrolls of recharging
 y - a scroll of enchant weapon
 L - a scroll of identify
 M - a scroll of amnesia
Potions
 b - a potion of might
 h - 2 potions of haste
 i - 6 potions of curing
 l - a potion of heal wounds
 s - a potion of invisibility {unknown}
 u - 2 potions of agility
 v - 3 potions of brilliance
 x - a potion of lignification {unknown}
 z - a potion of berserk rage {unknown}
 E - 3 potions of magic {unknown}
Books
 c - a book of Minor Magic

   Spells                             Type                      Level
   a - Magic Dart                     Conjuration                  1
   b - Blink                          Translocation                2
   c - Call Imp                       Summoning                    2
   d - Repel Missiles                 Charms/Air                   2
   e - Slow                           Hexes                        2
   f - Conjure Flame                  Conjuration/Fire             3
   g - Mephitic Cloud                 Conjuration/Poison/Air       3
 H - a book of Air

   Spells                             Type                      Level
   a - Shock                          Conjuration/Air              1
   b - Swiftness                      Charms/Air                   2
   c - Repel Missiles                 Charms/Air                   2
   d - Static Discharge               Conjuration/Air              3
   e - Lightning Bolt                 Conjuration/Air              5
Comestibles
 d - 12 bread rations
 o - 5 meat rations
 A - 9 slices of pizza


   Skills:
 - Level 6.0 Dodging
 - Level 2.4 Stealth
 + Level 9.8 Spellcasting
 * Level 12.2 Conjurations
   Level 1.1 Summonings
 - Level 3.1 Translocations
 - Level 5.1 Air Magic


You had 14 spell levels left.
You knew the following spells:

 Your Spells              Type           Power        Failure   Level  Hunger
a - Magic Dart            Conj           ####         1%          1    None
b - Blink                 Tloc           N/A          1%          2    None
c - Repel Missiles        Chrm/Air       ####..       1%          2    None
d - Mephitic Cloud        Conj/Pois/Air  #####...     1%          3    None
e - Conjure Flame         Conj/Fire      #####...     1%          3    None
f - Shock                 Conj/Air       ####         1%          1    None
g - Swiftness             Chrm/Air       ####....     1%          2    None


Dungeon Overview and Level Annotations

Branches:
Dungeon (10/15)            Temple (1/1) D:6             Orc (0/2) D:9
   Lair: D:8-11

Altars:
Ashenzari
Cheibriados
Dithmenos
Elyvilon
Fedhas
Gozag
Kikubaaqudgha
Makhleb
Nemelex Xobeh
Okawaru
Pakellas
Qazlal
Ru
Sif Muna
Trog
Vehumet
Xom
Yredelemnul
Zin
The Shining One

Shops:
D:6 [   D:7 [

Annotations:
D:3 Sigmund
D:5 kelbaugc's ghost, amateur MiGl
D:6 Prince Ribbit


Message History

Aiming: Shock
Press: ? - help, Shift-Dir - straight line, f/p - hill giant
Aim: a hill giant, wielding a giant spiked club (severely wounded)
The zap hits the hill giant.
The hill giant is severely wounded.
The zap hits the iguana.
The iguana is severely wounded.
The hill giant hits you with a giant spiked club!
* * * LOW HITPOINT WARNING * * *
Casting: Shock
Confirm with . or Enter, or press ? or * to list all spells.
Aiming: Shock
Press: ? - help, Shift-Dir - straight line, f/p - hill giant
Aim: a hill giant, wielding a giant spiked club (severely wounded)
The zap hits the hill giant.
The hill giant is severely wounded.
The hill giant hits you with a giant spiked club!
* * * LOW HITPOINT WARNING * * *
You climb upwards.
The cyan ugly thing headbutts you.
You die...

........u.# ####...)###
......##### #....#
#.###.# #..}.### ..# #.#
##.....# #####.#
##...##.# ......#
#.###.#.# ###.### #.#
#.#.# # #.# ##.###...# #
#.# ##.@...##.# # #.#
######.u.C...#.# # #.#
#..............#
###.#####.####.......###
......ยง...#####.....##
###.........u......##
##################


You could see a cyan ugly thing and a hill giant.

Vanquished Creatures
  Grinder (D:4)
  5 yaks (D:8)
  A human (D:8)
  A hungry ghost (D:7)
  Menkaure (D:5)
  A mottled dragon (D:8)
  2 nagas
  2 ice beasts
  3 sky beasts
  2 necrophages (D:8)
  3 phantoms
  5 centaurs
  An ogre (D:8)
  Blork the orc (D:5)
  A big kobold (D:7)
  2 giant frogs
  A gnoll sergeant (D:6)
  A water moccasin zombie (D:7)
  2 scorpions
  4 killer bees (D:10)
  3 wights (D:9)
  3 howler monkeys
  3 crimson imps
  A giant frog zombie (D:10)
  7 orc wizards
  2 centaur zombies (D:9)
  3 hounds
  A jelly (D:6)
  A giant frog skeleton (D:6)
  5 orc priests
  2 centaur skeletons (D:8)
  2 iguanas
  6 worker ants
  A killer bee zombie (D:5)
  2 hound zombies
  A hound skeleton (D:5)
  2 worker ant zombies
  Robin (D:4)
  3 gnolls (D:6)
  12 adders
  2 shadow imps
  An ooze (D:7)
  2 adder skeletons
  An adder zombie (D:6)
  2 worms
  5 dart slugs
  5 giant geckos
  25 orcs
  5 bats
  8 giant cockroaches
  2 gnoll zombies (D:3)
  13 goblins
  8 hobgoblins
  8 jackals
  17 kobolds
  3 quokkas
  A giant gecko zombie (D:5)
  3 giant newts
  11 rats
223 creatures vanquished.

Vanquished Creatures (others)
  A hobgoblin (D:1)
1 creature vanquished.

Grand Total: 224 creatures vanquished

Notes
Turn   | Place    | Note
--------------------------------------------------------------
     0 | D:1      | Jojapa the Deep Elf Wizard began the quest for the Orb.
     0 | D:1      | Reached XP level 1. HP: 10/10 MP: 7/7
   398 | D:1      | You fall through a shaft!
   474 | D:2      | Reached XP level 2. HP: 15/15 MP: 6/9
   478 | D:2      | Learned a level 2 spell: Blink
   481 | D:2      | Learned a level 2 spell: Repel Missiles
   558 | D:2      | Reached skill level 2 in Conjurations
  1221 | D:1      | Reached skill level 5 in Spellcasting
  1329 | D:1      | Reached XP level 3. HP: 19/19 MP: 7/11
  1334 | D:1      | Learned a level 3 spell: Mephitic Cloud
  1338 | D:1      | Learned a level 3 spell: Conjure Flame
  1923 | D:2      | Reached skill level 3 in Conjurations
  2089 | D:2      | Found a sparkling altar of Nemelex Xobeh.
  2126 | D:2      | Noticed Disuhicwowk
  3194 | D:2      | Found a glowing silver altar of Zin.
  3424 | D:2      | Reached XP level 4. HP: 21/24 MP: 3/13
  3833 | D:3      | Found a basalt altar of Yredelemnul.
  3860 | D:3      | Noticed Sigmund
  3978 | D:3      | Reached skill level 4 in Conjurations
  4545 | D:3      | Reached XP level 5. HP: 25/28 MP: 8/15
  4680 | D:3      | Found a blossoming altar of Fedhas.
  4786 | D:2      | Killed Disuhicwowk the naga
  5542 | D:4      | Reached skill level 5 in Conjurations
  5632 | D:4      | Found a shimmering altar of Xom.
  5632 | D:4      | Found a shattered altar of Ashenzari.
  5678 | D:4      | Noticed Grinder
  5680 | D:4      | Paralysed by Grinder for 3 turns
  5685 | D:4      | Noticed Robin
  6022 | D:4      | Killed Grinder
  6022 | D:4      | Reached skill level 6 in Conjurations
  6022 | D:4      | Reached XP level 6. HP: 29/32 MP: 3/17
  6154 | D:4      | Killed Robin
  6451 | D:5      | Entered Level 5 of the Dungeon
  6522 | D:5      | Noticed Menkaure
  6530 | D:5      | Killed Menkaure
  6530 | D:5      | Reached XP level 7. HP: 13/36 MP: 10/19
  6754 | D:5      | Reached skill level 7 in Conjurations
  7172 | D:5      | Noticed kelbaugc's ghost (amateur MiGl)
  7182 | D:5      | Noticed Blork the orc
  7278 | D:5      | Killed Blork the orc
  7565 | D:5      | Reached skill level 8 in Conjurations
  7810 | D:5      | Found a glowing golden altar of the Shining One.
  8380 | D:5      | Reached XP level 8. HP: 25/41 MP: 3/22
  8898 | D:6      | Found Omiam's Antique Armour Boutique.
  8999 | D:6      | Reached skill level 9 in Conjurations
  9998 | D:6      | Found an oddly glowing altar of Pakellas.
 10006 | D:6      | Found a staircase to the Ecumenical Temple.
 10027 | Temple   | Entered the Ecumenical Temple
 10132 | Temple   | Became a worshipper of Vehumet
 10311 | D:6      | Reached skill level 10 in Conjurations
 10640 | D:6      | Noticed Prince Ribbit
 10687 | D:7      | Found a sacrificial altar of Ru.
 10908 | D:7      | Found Vafeuqeh's Antique Armour Emporium.
 10912 | D:7      | Bought a pair of embroidered gloves for 126 gold pieces
 11104 | D:7      | Reached skill level 11 in Conjurations
 11306 | D:7      | Learned a level 1 spell: Shock
 11309 | D:7      | Learned a level 2 spell: Swiftness
 11440 | D:7      | Found an ancient bone altar of Kikubaaqudgha.
 11502 | D:7      | Reached XP level 9. HP: 45/45 MP: 16/23
 11718 | D:8      | Reached * piety under Vehumet
 11718 | D:8      | Offered knowledge of Sandblast by Vehumet.
 11718 | D:8      | Reached skill level 1 in Air Magic
 13099 | D:8      | Reached skill level 5 in Air Magic
 13426 | D:9      | Found a staircase to the Orcish Mines.
 13538 | D:9      | Reached skill level 5 in Dodging
 14055 | D:8      | Reached XP level 10. HP: 48/50 MP: 12/25
 14136 | D:8      | Offered knowledge of Sting by Vehumet.
 14186 | D:8      | Drew Focus: Int increased to 28, Str decreased to 3
 14716 | D:9      | Reached ** piety under Vehumet
 15166 | D:10     | Entered Level 10 of the Dungeon
 15181 | D:10     | Reached skill level 12 in Conjurations
 15640 | D:10     | Noticed a cyan ugly thing
 16212 | D:10     | Noticed a hill giant
 16234 | D:9      | Slain by a cyan ugly thing

Skill      XL: |  1  2  3  4  5  6  7  8  9 10 |
---------------+-------------------------------+-----
Conjurations   | 2 3 4 6 8 11 12 | 12.2
Spellcasting   | 5 6 7 8 9 |  9.8
Air Magic      | 5 |  5.1
Translocations | 3 |  3.1
Dodging        | 6 |  6.0
Stealth        | |  2.4
Summonings     | |  1.1

Action                   |  1- 3 |  4- 6 |  7- 9 | 10-12 || total
-------------------------+-------+-------+-------+-------++-------
Melee: Dagger            |       |       |     1 |       ||     1
 Cast: Magic Dart        |   149 |   148 |   333 |    20 ||   650
       Repel Missiles    |     1 |       |     2 |       ||     3
       Conjure Flame     |     1 |     6 |    30 |    13 ||    50
       Blink             |     1 |     1 |    10 |    14 ||    26
       Mephitic Cloud    |       |     2 |     7 |     1 ||    10
       Shock             |       |       |   192 |   112 ||   304
       Swiftness         |       |       |     1 |       ||     1
Evoke: Deck              |     1 |       |     1 |     2 ||     4
  Use: Scroll            |     3 |     5 |    11 |     2 ||    21
  Eat: Chunk             |     3 |     4 |    14 |     4 ||    25
       Meat ration       |     1 |     1 |     1 |       ||     3
       Pizza             |       |       |     1 |       ||     1
       Beef jerky        |       |       |     1 |       ||     1
       Fruit             |       |       |       |     3 ||     3
Armor: Robe              |     4 |     8 |     8 |    12 ||    32
       Leather armour    |       |       |    29 |       ||    29
Dodge: Dodged            |    21 |    14 |    52 |    23 ||   110
       Deflected         |     1 |       |    10 |       ||    11
